 Dungeon Sprint DCSS version 0.16.2-12-gd0ad4c3 (webtiles) character file.

1984 Horhen the Eclecticist (level 9, -5/45 HPs)
             Began as a Deep Elf Conjurer on Sept 24, 2015.
             Was a Believer of Vehumet.
             Shot with an arrow by a centaur warrior (14 damage)
             ... in the Dungeon (Sprint I: "Red Sonja").
             The game lasted 00:07:24 (1121 turns).

Horhen the Eclecticist (Deep Elf Conjurer)          Turns: 1121, Time: 00:07:24

Health: -5/45      AC:  3    Str:  5    XL:     9   Next: 1%
Magic:  0/36       EV: 13    Int: 24    God:    Vehumet [**....]
Gold:   51         SH:  0    Dex: 15    Spells: 7 memorised, 17 levels left

rFire  . . .     SeeInvis .     c - +0 dagger
rCold  . . .     Clarity  .     k - +1 robe of Jinino {Stlth+}
rNeg   . . .     SustAb   .     (no shield)
rPois  .         Gourm    .     (no helmet)
rElec  .         Spirit   .     (no cloak)
rCorr  .         Warding  .     (no gloves)
rMut   .         NoTele   +     (no boots)
MR     .....                    (no amulet)
Stlth  +++.......               (no ring)
                                (no ring)

@: not resistant to hostile enchantments, fairly stealthy
A: no striking features
a: Renounce Religion


You were in the Dungeon.
You worshipped Vehumet.
Vehumet was pleased with you.
You were not hungry.

You visited 1 branch You collected 727 gold pieces.
You spent 676 gold pieces at shops.

Inventory:

Hand weapons
 c - a +0 dagger (weapon)
Armour
 k - the +1 robe of Jinino (worn) {Stlth+}
   (You bought it in a shop in the Dungeon)

   It makes you more stealthy.
Scrolls
 i - a scroll of blinking
Potions
 a - a potion of degeneration {unknown}
 d - 5 potions of curing
 e - a potion of heal wounds
 f - 2 potions of haste
 g - 2 potions of magic
Books
 j - a book of Power

   Spells                             Type                      Level
   a - Fulminant Prism                Conjuration/Hexes            4
   b - Iskenderun's Mystic Blast      Conjuration                  4
   c - Venom Bolt                     Conjuration/Poison           5
   d - Bolt of Magma                  Conjuration/Fire/Earth       5
   e - Iron Shot                      Conjuration/Earth            6
   f - Orb of Destruction             Conjuration                  7
   g - Spellforged Servitor           Conjuration/Summoning        7
Comestibles
 b - a bread ration
 h - a fruit


   Skills:
 - Level 2.4 Dodging
 - Level 2.4 Stealth
 * Level 18.8 Spellcasting
 + Level 12.8 Conjurations
 - Level 5.9 Charms
 + Level 4.2 Earth Magic


You had 17 spell levels left.
You knew the following spells:

 Your Spells              Type           Power        Failure   Level  Hunger
a - Magic Dart            Conj           ####         0%          1    None
b - Iskenderun's Battles  Conj/Chrm      ######..     1%          5    None
c - Sandblast             Erth           #####.       1%          1    None
d - Iskenderun's Mystic   Conj           ######..     1%          4    None
e - Fulminant Prism       Conj/Hex       ######....   1%          4    None
h - Iron Shot             Conj/Erth      ######....   12%         6    ###....
o - Orb of Destruction    Conj           ######....   12%         7    #####..


Dungeon Overview and Level Annotations

Branches:
Dungeon (1/1)

Altars:
Cheibriados
Dithmenos
Elyvilon
Fedhas
Gozag
Kikubaaqudgha
Makhleb
Nemelex Xobeh
Okawaru
Qazlal
Ru
Sif Muna
Trog
Vehumet
Xom
Yredelemnul
Zin
The Shining One
Jiyva

Shops:
D :[


Message History

Aim: a centaur warrior, wielding a longbow (moderately wounded)
The orb of energy hits the centaur warrior.
The centaur warrior is heavily wounded.
Your battlesphere fires!
The barrage of energy hits the centaur warrior.
The centaur warrior is severely wounded.
Your battlesphere expends the last of its energy and dissipates.
The centaur warrior shoots an arrow.
The arrow barely misses you.
Unknown command.
Unknown command.
Unknown command.
Casting: Iskenderun's Mystic Blast
Confirm with . or Enter, or press ? or * to list all spells.
Aiming: Magic Dart
Press: ? - help, Shift-Dir - straight line, f/p - centaur warrior
Aim: a centaur warrior, wielding a longbow (severely wounded)
The magic dart hits the centaur warrior.
The centaur warrior is severely wounded.
The centaur warrior shoots an arrow.
The arrow hits you!
You die...

##########################
#<.#.)'..#..'..#__#..)...#
#..').#..').#..'..'..#...#
#..#####'#####'#__####...+
#..####..#...#@####?(#####
#..#__####..##(# ≈§.c#
#..#_..__##'#§§c§§§§§+
#⌠⌠#_.∩.[.'...§#≈§≈.§
####_..._##_.#'.#+###
#_____###(#.#?)[?#
############..###+###
#∩^.......'...+
###++++####.).#


You could see a centaur warrior.

Vanquished Creatures
  A centaur warrior (D)
  2 kobold demonologists (D)
  Sonja (D)
  A slime creature (D)
  A yak (D)
  An ogre (D)
  Sigmund (D)
  A fulminant prism (D)
  A jelly (D)
  Ijyb (D)
  A giant eyeball (D)
  A giant spore (D)
  4 ballistomycetes (D)
17 creatures vanquished.

Vanquished Creatures (others)
  A gargoyle (D)
  2 fulminant prisms (D)
  A giant spore (D)
4 creatures vanquished.

Grand Total: 21 creatures vanquished

Notes
Turn   | Place    | Note
--------------------------------------------------------------
     0 | D        | Horhen, the Deep Elf Conjurer, began the quest for the Orb.
     0 | D        | Reached XP level 1. HP: 10/10 MP: 5/5
     2 | D        | Noticed Ijyb
    14 | D        | Killed Ijyb
    14 | D        | Reached skill level 6 in Conjurations
    14 | D        | Reached XP level 2. HP: 15/15 MP: 7/10
    40 | D        | Learned a level 2 spell: Searing Ray
    53 | D        | Noticed an ogre
    57 | D        | Killed an ogre
    57 | D        | Reached skill level 7 in Spellcasting
    57 | D        | Reached skill level 9 in Conjurations
    57 | D        | Reached XP level 3. HP: 17/19 MP: 8/17
    57 | D        | Reached XP level 4. HP: 21/24 MP: 9/20
    72 | D        | Learned a level 4 spell: Fulminant Prism
    77 | D        | Learned a level 4 spell: Iskenderun's Mystic Blast
   128 | D        | Noticed Sigmund
   132 | D        | Killed Sigmund
   132 | D        | Reached skill level 10 in Conjurations
   132 | D        | Reached XP level 5. HP: 15/28 MP: 17/23
   173 | D        | Killed a gargoyle
   174 | D        | Learned a level 5 spell: Iskenderun's Battlesphere
   287 | D        | Found a deep blue altar of Sif Muna.
   288 | D        | Noticed a jelly
   289 | D        | Found a radiant altar of Vehumet.
   294 | D        | Killed a jelly
   294 | D        | Reached skill level 11 in Conjurations
   439 | D        | Became a worshipper of Vehumet
   440 | D        | Found Seaq Oru's Antique Armour Emporium.
   440 | D        | Found a white marble altar of Elyvilon.
   440 | D        | Found a burning altar of Makhleb.
   440 | D        | Found a sacrificial altar of Ru.
   440 | D        | Found a glowing golden altar of the Shining One.
   440 | D        | Found an opulent altar of Gozag.
   440 | D        | Found a glowing silver altar of Zin.
   440 | D        | Noticed a yak
   443 | D        | Killed a yak
   443 | D        | Reached skill level 10 in Spellcasting
   443 | D        | Reached skill level 12 in Conjurations
   443 | D        | Reached skill level 5 in Charms
   443 | D        | Reached XP level 6. HP: 16/32 MP: 6/26
   444 | D        | Found a stormy altar of Qazlal.
   444 | D        | Found a basalt altar of Yredelemnul.
   444 | D        | Found an iron altar of Okawaru.
   444 | D        | Found a sparkling altar of Nemelex Xobeh.
   444 | D        | Found a shimmering altar of Xom.
   444 | D        | Found an ancient bone altar of Kikubaaqudgha.
   447 | D        | Found a bloodstained altar of Trog.
   451 | D        | Bought a transparent robe for 136 gold pieces
   461 | D        | Identified the +1 robe of Jinino {Stlth+} (You bought it in a shop in the Dungeon)
   605 | D        | Found a snail-covered altar of Cheibriados.
   605 | D        | Found a viscous altar of Jiyva.
   605 | D        | Found a shadowy altar of Dithmenos.
   605 | D        | Found a blossoming altar of Fedhas.
   605 | D        | Noticed a slime creature
   608 | D        | Killed a slime creature
   608 | D        | Reached XP level 7. HP: 36/36 MP: 9/29
   702 | D        | Noticed Sonja
   704 | D        | Killed Sonja
   704 | D        | Acquired Vehumet's first power
   704 | D        | Offered knowledge of Sandblast by Vehumet.
   704 | D        | Reached skill level 14 in Spellcasting
   707 | D        | Learned a level 1 spell: Sandblast
   829 | D        | Found Kaugaf's Book Boutique.
   863 | D        | Noticed a kobold demonologist
   866 | D        | Paralysed by a giant eyeball for 4 turns
   868 | D        | Noticed a kobold demonologist
   870 | D        | Killed a kobold demonologist
   870 | D        | Reached skill level 16 in Spellcasting
   870 | D        | Reached XP level 8. HP: 41/41 MP: 20/33
   872 | D        | Killed a kobold demonologist
   872 | D        | Offered knowledge of Freeze by Vehumet.
   872 | D        | Reached skill level 17 in Spellcasting
   928 | D        | Bought a book of Power for 540 gold pieces
   943 | D        | Learned a level 7 spell: Orb of Destruction
   950 | D        | Learned a level 6 spell: Iron Shot
  1100 | D        | Noticed a centaur warrior
  1103 | D        | Noticed a centaur warrior
  1117 | D        | Killed a centaur warrior
  1117 | D        | Reached skill level 18 in Spellcasting
  1117 | D        | Reached XP level 9. HP: 39/45 MP: 8/36
  1121 | D        | Shot with an arrow by a centaur warrior

Action                   |  1- 3 |  4- 6 |  7- 9 || total
-------------------------+-------+-------+-------++-------
Melee: Unarmed           |    10 |       |       ||    10
       Dagger            |       |       |    68 ||    68
 Cast: Searing Ray       |     1 |     3 |       ||     4
       Iskenderun's Myst |       |     5 |    10 ||    15
       Iskenderun's Batt |       |     2 |     5 ||     7
       Magic Dart        |       |       |     3 ||     3
       Fulminant Prism   |       |       |     3 ||     3
       Orb of Destructio |       |       |     2 ||     2
  Use: Potion            |     2 |       |       ||     2
  Eat: Fruit             |       |       |     1 ||     1
       Bread ration      |       |       |     1 ||     1
